 Dungeon Crawl Stone Soup version 0.29.0-5-ge4962eb29e (webtiles) character file.

Game seed: 16637468339296802901

46 benadryl the Chopper (level 3, -2/33 HPs)
             Began as a Minotaur Berserker on Aug 29, 2022.
             Was a Follower of Trog.
             Slain by a gnoll
             ... wielding a +0 halberd
              (6 damage)
             ... on level 2 of the Dungeon.
             The game lasted 00:01:31 (1255 turns).

benadryl the Chopper (Minotaur Berserker)           Turns: 1255, Time: 00:01:32

Health: -2/33      AC:  6    Str: 29    XL:     3   Next: 44%
Magic:  2/2        EV:  5    Int:  4    God:    Trog [*.....]
Gold:   77         SH:  0    Dex:  9    Spells: 2/2 levels left

rFire   + . .      SeeInvis .   a - +0 hand axe
rCold   . . .      Faith    .   (no shield)
rNeg    . . .      Spirit   .   l - +0 scale mail
rPois   .          Reflect  .   (helmet restricted)
rElec   .          Harm     .   (no cloak)
rCorr   .          Rampage  .   (no gloves)
Will    .....                   (no boots)
Stlth   ..........              (no amulet)
HPRegen 0.11/turn               c - ring of protection from fire
MPRegen 0.08/turn               i - +6 ring of strength

@: on berserk cooldown, held, slowed, very slow
A: horns 2, retaliatory headbutt
a: Renounce Religion, Berserk


You were on level 2 of the Dungeon.
You worshipped Trog.
Trog was aware of your devotion.
You visited 1 branch of the dungeon, and saw 2 of its levels.

You collected 77 gold pieces.

Inventory:

Hand Weapons
 a - a +0 hand axe (weapon)
Armour
 l - a +0 scale mail (worn)
Jewellery
 c - a ring of protection from fire (left hand)
 i - a +6 ring of strength (right hand)
Scrolls
 d - a scroll of blinking {unknown}
 e - a scroll of identify {unknown}
 f - a scroll of immolation {unknown}
 g - a scroll of noise {unknown}
Potions
 j - 4 potions of flight {unknown}
 k - a potion of heal wounds {unknown}


   Skills:
 + Level 4.3 Fighting
 * Level 5.0 Axes
 - Level 2.4 Armour
 - Level 2.1 Dodging


You had 2 spell levels left.
You didn't know any spells.
Your spell library was empty.

Dungeon Overview and Level Annotations

Branches:
Dungeon (2/15)

Altars:

Shops:
D:2 [


Innate Abilities, Weirdness & Mutations

You have a pair of horns on your head.
You reflexively headbutt those who attack you in melee.


Message History

You hit the adder.
The adder is almost dead.
You feel sick. The adder bites you.
You slash the adder!
You kill the adder!
Trog accepts your kill.
You feel sick.
You are no longer poisoned.
Your Axes skill increases to level 5!
You start resting.
HP restored.
There is a stone staircase leading down here.
You climb downwards.
There is a stone staircase leading up here.
A red film seems to cover your vision as you go berserk!
You feel yourself moving faster!
You feel mighty! The gnoll barely misses you.
A gnoll comes into view. It is wielding a +0 halberd.
You feel a strong urge to attack something.
The gnoll shouts!
The gnoll throws a throwing net.
The throwing net hits you.
You become entangled in the net!
The gnoll hits you with a +0 halberd.
You see here a throwing net.
You struggle against the net.
You struggle against the net.
You feel your anger nearly subside.
You are no longer berserk.
You are exhausted.
You feel yourself slow down. The gnoll barely misses you.
You tear a large gash into the net.
The gnoll hits you with a +0 halberd. x2
You rip the net and break free!
The gnoll hits you with a +0 halberd!
* * * LOW HITPOINT WARNING * * *
You hit the gnoll.
The gnoll is moderately wounded.
The gnoll throws a throwing net.
The throwing net hits you.
You become entangled in the net!
The gnoll hits you with a +0 halberd.
* * * LOW HITPOINT WARNING * * *
The gnoll hits you with a +0 halberd.
You die...

,,,,,#...........#######.,,,,***,
,,...#.........### *,,,,,*,*,
,,...##..[....## *,,,,,***,
,,.............# **,,,,,,,,
,,.............# *****,,,,,,,
**####.........#######.>.,,,*****
#.................#***** *
#........(#.<#.###*** **
##.........@##,,,,,,* ***,
######........g.##****,*****,,,
#...........###..####*,,,,,,,**
#.......⌠.⌠.# ##.g..######*,,,*
#........∩..# ####......##.#.,
#.).....⌠.⌠## #.............,
#..........# ***#..........##,,
############*#........$....#***
***********..##...########


You could see 2 gnolls.

Vanquished Creatures
  2 adders
  2 dart slugs (D:1)
  3 ball pythons (D:1)
  3 bats (D:1)
  4 endoplasms
  A giant cockroach (D:1)
  3 hobgoblins
  A quokka (D:2)
  A frilled lizard (D:1)
  A kobold (D:2)
  A rat (D:1)
22 creatures vanquished.

Notes
Turn   | Place    | Note
-------+----------+-------------------------------------------
     0 | D:1      | benadryl the Minotaur Berserker began the quest for the
                  | Orb.
     0 | D:1      | Reached XP level 1. HP: 19/19 MP: 0/0
   273 | D:1      | Reached skill level 4 in Axes
   277 | D:1      | Reached XP level 2. HP: 19/27 MP: 1/1
   607 | D:1      | Found a faded altar of an unknown god.
   864 | D:2      | Found Oleorghiw's Armour Boutique.
   873 | D:2      | Reached XP level 3. HP: 29/33 MP: 2/2
  1115 | D:1      | Reached skill level 5 in Axes
  1255 | D:2      | Slain by a gnoll

Illustrated notes

Levels and vault maps discovered:
D:1:      matt_arrival_grand_opening, layout_rooms,
          shapermc_ecumenical_altar_mp_ritualfount
D:2:      layout_rooms, serial_shops, shop_fountains, item_on_display_a

Skill      XL: |  1  2  3 |
---------------+----------+-----
Axes           | 4 5 |  5.0
Fighting       | 4 |  4.3
Armour         | |  2.4
Dodging        | |  2.1

Action                   || total
-------------------------++-------
Melee: Hand axe          ||    52
       Headbutt          ||     4
Invok: Berserk           ||     1
  Use: Scroll            ||     1
Armor: Animal skin       ||     7
       Scale mail        ||     3
Dodge: Dodged            ||    32
